 Dungeon Crawl Stone Soup version 0.27.0-1-g7a089689b8 (webtiles) character file.

Game seed: 4355650282463605707

14 ENSilLosco the Insei (level 2, -1/21 HPs)
             Began as a Human Transmuter on Aug 6, 2021.
             Slain by a hobgoblin (2 damage)
             ... on level 1 of the Dungeon.
             The game lasted 00:06:39 (447 turns).

ENSilLosco the Insei (Human Transmuter)              Turns: 447, Time: 00:06:41

Health: -1/21      AC:  2    Str: 10    XL:     2   Next: 55%
Magic:  5/5        EV: 12    Int: 13    God:
Gold:   20         SH:  0    Dex: 13    Spells: 4/5 levels left

rFire    . . .     SeeInvis .   i - +0 club
rCold    . . .     Faith    .   (no shield)
rNeg     . . .     Spirit   .   a - +0 robe
rPois    .         Reflect  .   (no helmet)
rElec    .         Harm     .   (no cloak)
rCorr    .         Rampage  .   (no gloves)
Will     .....                  (no boots)
Stlth    +.........             (no amulet)
HPRegen  0.07/turn              (no ring)
MPRegen  0.09/turn              (no ring)

@: no status effects
A: no striking features
a: no special abilities


You were on level 1 of the Dungeon.
You visited 1 branch of the dungeon, and saw 1 of its levels.

You collected 20 gold pieces.

Inventory:

Hand Weapons
 c - a +0 dagger
 f - a +0 dagger
 i - a +0 club (weapon)
Missiles
 b - 13 arrows
 d - 4 stones
Armour
 a - a +0 robe (worn)
Scrolls
 e - a scroll of teleportation {unknown}


   Skills:
 + Level 1.0 Fighting
 + Level 2.1 Dodging
 + Level 3.4 Unarmed Combat
 + Level 2.0 Spellcasting
 + Level 2.2 Transmutations


You had 4 spell levels left.
You knew the following spells:

 Your Spells              Type           Power      Damage    Failure   Level
a - Beastly Appendage     Tmut           14%        N/A       10%         1

Your spell library contained the following spells:

 Spells                   Type           Power      Damage    Failure   Level
 Wereblood                Tmut           7%         N/A       16%         2
 Spider Form              Tmut/Pois      2%         N/A       43%         3
 Ice Form                 Ice/Tmut       4%         N/A       85%         4


Dungeon Overview and Level Annotations

Branches:
Dungeon (1/15)

Altars:


Message History

You are frozen.
The endoplasm closely misses you.
You hit the endoplasm.
The endoplasm is almost dead.
The bat hits you but does no damage. The endoplasm hits you.
You hit the endoplasm.
You kill the endoplasm!
The bat closely misses you. The hobgoblin barely misses you. The bat hits you.
The hobgoblin barely misses you.
You hit the bat.
You kill the bat!
The hobgoblin barely misses you.
You barely miss the hobgoblin. The hobgoblin closely misses you.
You completely miss the hobgoblin. The hobgoblin hits you.
You barely miss the hobgoblin. The hobgoblin closely misses you.
The hobgoblin hits you.
You are too injured to fight recklessly!
You are too injured to fight recklessly!
You hit the hobgoblin.
The hobgoblin is moderately wounded.
The hobgoblin barely misses you.
You hit the hobgoblin.
The hobgoblin is severely wounded.
The hobgoblin hits you but does no damage.
You barely miss the hobgoblin.
The hobgoblin is severely wounded.
The hobgoblin hits you.
* * * LOW HITPOINT WARNING * * *
The hobgoblin completely misses you.
You closely miss the hobgoblin.
The hobgoblin is severely wounded.
The hobgoblin hits you.
* * * LOW HITPOINT WARNING * * *
You closely miss the hobgoblin.
The hobgoblin is severely wounded.
The hobgoblin hits you.
* * * LOW HITPOINT WARNING * * *
You hit the hobgoblin but do no damage.
The hobgoblin is severely wounded.
The hobgoblin misses you. The hobgoblin hits you.
You die...

##.#
#....#####...###.##....#..
#.###..............÷.#######.#
#..##.##.....#.....### #..#
##.##.##.####.......# #.##
#.##....###.....##.# ####
#.##..####..###.##...# #..
#.#...# #..####.###...# #.8
#.#.#.# ##..†........## #..
#.#.#.# ###@g..>....# ###+
#.#.#.# #.........#####...
#.#...# #.........#...#...
#.#..## #.........#.8.'..⌠
#....# #........ #...#...
##...# #........ #####...
###..## #........ ###' ##....#
#........ #.. #.†#..# #.<


You could see a hobgoblin.

Vanquished Creatures
  A dart slug (D:1)
  An endoplasm (D:1)
  A giant cockroach (D:1)
  2 goblins (D:1)
  3 ball pythons (D:1)
  4 bats (D:1)
  A kobold (D:1)
13 creatures vanquished.

Notes
Turn   | Place    | Note
-------+----------+-------------------------------------------
     0 | D:1      | ENSilLosco the Human Transmuter began the quest for the
                  | Orb.
     0 | D:1      | Reached XP level 1. HP: 15/15 MP: 3/3
   153 | D:1      | Reached XP level 2. HP: 3/21 MP: 5/5
   446 | D:1      | HP: 1/21 [hobgoblin (2)]
   447 | D:1      | Slain by a hobgoblin

Illustrated notes

Levels and vault maps discovered:
D:1:      minmay_arrival_stair_chambers, layout_rooms,
          hellmonk_ecumenical_altar_the_god_not_taken

Action                   || total
-------------------------++-------
Melee: Unarmed           ||    11
       Club              ||    34
       Punch             ||     1
 Cast: Beastly Appendage ||     2
Armor: Robe              ||    14
Dodge: Dodged            ||    45
